 Dungeon Crawl Stone Soup version 0.19-a0-1007-g133f65f (webtiles) character file.

88 mistymad the Skirmisher (level 4, -9/37 HPs)
             Began as a Formicid Abyssal Knight on July 19, 2016.
             Was a Believer of Lugonu.
             Killed by divine providence
             ... invoked by an orc priest
              (14 damage)
             ... on level 3 of the Dungeon.
             The game lasted 00:07:25 (1997 turns).

mistymad the Skirmisher (Formicid Abyssal Knight)   Turns: 1997, Time: 00:07:26

Health: -9/37      AC:  9    Str: 18    XL:     4   Next: 81%
Magic:  5/5        EV:  2    Int: 11    God:    Lugonu [**....]
Gold:   137        SH:  0    Dex: 10    Spells: 0 memorised, 3 levels left

rFire  . . .     SeeInvis +     a - +1 hand axe
rCold  . . .     Gourm    .     h - +0 chain mail
rNeg   . . .     Faith    .     (no shield)
rPois  .         Spirit   .     (helmet unavailable)
rElec  .         Dismiss  .     (no cloak)
rCorr  .         Reflect  .     (no gloves)
SustAt .         Harm     .     (no boots)
MR     .....                    (no amulet)
Stlth  ..........               (no ring)
                                (no ring)

@: not resistant to hostile enchantments, extremely unstealthy
A: permanent stasis, dig shafts and tunnels, four strong arms, antennae 3
a: Dig, Shaft Self, Depart the Abyss, Bend Space, Renounce Religion


You were on level 3 of the Dungeon.
You worshipped Lugonu.
Lugonu was pleased with you.
You were very hungry.

You visited 1 branch of the dungeon, and saw 3 of its levels.
You visited the Abyss 1 time.

You collected 137 gold pieces.

Inventory:

Hand Weapons
 a - a +1 hand axe (weapon)
Armour
 h - a +0 chain mail (worn)
Jewellery
 o - an uncursed ring of magical power {unknown}
Scrolls
 f - 3 scrolls of identify {unknown}
 l - a scroll of remove curse {unknown}
 q - 3 scrolls of recharging {unknown}
 r - a scroll of enchant armour {unknown}
 t - a scroll of magic mapping {unknown}
Potions
 b - a potion of might {unknown}
 e - a potion of flight {unknown}
 j - a potion of cancellation {unknown}
 k - a potion of resistance {unknown}
 m - a potion of curing
 n - a potion of lignification {unknown}
 p - a potion of heal wounds {unknown}
 s - a potion of brilliance {unknown}
Comestibles
 c - 2 bread rations
 g - a meat ration
 i - a beef jerky


   Skills:
 + Level 4.1 Fighting
 + Level 3.0 Axes
 + Level 3.4 Armour
 - Level 0.8 Dodging
 - Level 2.1 Invocations


You had 3 spell levels left.
You didn't know any spells.

Dungeon Overview and Level Annotations

Branches:
Dungeon (3/15)

Altars:
Dithmenos


Innate Abilities, Weirdness & Mutations

You are under a permanent stasis effect.
You can dig through walls and to a lower floor.
Your four strong arms can wield two-handed weapons with a shield.
You have a pair of large antennae on your head. (SInv)


Message History

The bat hits you but does no damage.
You take 1 damage, and have 21/37 hp.
You hit the bat.
You kill the bat!
Lugonu accepts your kill. The orc priest closely misses you.
You hit the orc priest.
The orc priest is lightly wounded.
The orc priest invokes the aid of Beogh against you.
Beogh smites you!
* * * LOW HITPOINT WARNING * * *
An orc priest comes into view. It is wielding a dagger.
The orc priest shouts!
You take 16 damage, and have 5/37 hp.
MASSIVE DAMAGE!!
The orc hits you but does no damage.
There is a stone staircase leading up here.
The orc hits you but does no damage.
The orc priest mumbles some strange prayers to Beogh against you.
Beogh smites you!
You die...

.. # o# . #.
.o#o# ##. .{..
#..#### ...#
#....@##...#
#....oo....#
#..†..o....#
..........†...#
................#
###..............
##.............
#......###....
#......# #...


You could see an orc priest and 2 orcs.

Vanquished Creatures
  2 adders (D:2)
  3 worms
  A giant gecko (D:1)
  3 giant cockroaches
  9 goblins
  7 hobgoblins
  8 jackals
  A quokka (D:2)
  4 ball pythons
  4 bats
  4 giant newts (D:1)
  5 kobolds
  3 rats (D:1)
54 creatures vanquished.

Notes
Turn   | Place    | Note
-------+----------+-------------------------------------------
     0 | Abyss:1  | mistymad the Formicid Abyssal Knight began the quest for the Orb.
     0 | Abyss:1  | Reached XP level 1. HP: 18/18 MP: 2/2
    46 | Abyss:1  | Noticed a raiju
    47 | D:1      | Escaped the Abyss
   184 | D:1      | Reached * piety under Lugonu
   190 | D:1      | Reached XP level 2. HP: 19/24 MP: 3/3
   682 | D:1      | Reached XP level 3. HP: 29/29 MP: 4/4
  1234 | D:2      | Reached ** piety under Lugonu
  1298 | D:2      | Reached XP level 4. HP: 37/37 MP: 5/5
  1393 | D:2      | Reached skill level 4 in Fighting
  1467 | D:2      | Found a shadowy altar of Dithmenos.
  1997 | D:3      | Killed from afar by an orc priest

Vault maps used:
D:1:      evilmike_arrival_fibonacci_small, st_stairs_7
D:2:      nicolae_dithmenos_through_a_glass_darkly, first_bread
D:3:      grunt_temple_overflow_diamond, trog_three_pillars_becter, uniq_grinder

Skill      XL: |  1  2  3  4 |
---------------+-------------+-----
Armour         | 3 |  3.4
Fighting       | 4 |  4.1
Axes           | 3 |  3.0
Dodging        | |  0.8
Invocations    | |  2.1

Action                   |  1- 3 |  4- 6 || total
-------------------------+-------+-------++-------
Melee: Hand axe          |   134 |    88 ||   222
Invok: Depart the Abyss  |     1 |       ||     1
 Abil: Dig               |     1 |     1 ||     2
  Use: Potion            |       |     1 ||     1
  Eat: Chunk             |     1 |     2 ||     3
Armor: Leather armour    |    18 |       ||    18
       Chain mail        |    23 |    64 ||    87
Dodge: Dodged            |    68 |    32 ||   100
